 Dungeon Crawl Stone Soup version 0.29-a0-409-gd843f3a48c (webtiles) character file.

Game seed: 10857906373472919523

4223 vsjfljblw the Covert (level 10, 0/70 HPs)
             Began as a Spriggan Enchanter on May 13, 2022.
             Was a Believer of Dithmenos.
             Hit by a boomerang of dispersal thrown by an orc (5 damage)
             ... on level 8 of the Dungeon.
             The game lasted 00:28:33 (11670 turns).

vsjfljblw the Covert (Spriggan Enchanter)          Turns: 11670, Time: 00:28:33

Health: 0/70       AC:  5    Str:  8 (10) XL:     10   Next: 9%
Magic:  15/24      EV: 19    Int: 17      God:    Dithmenos [**....]
Gold:   1339       SH:  0    Dex: 16      Spells: 15/28 levels left

rFire   + . .      SeeInvis +   s - +3 dagger (elec)
rCold   + . .      Faith    .   (no shield)
rNeg    . . .      Spirit   .   b - +1 robe
rPois   .          Reflect  .   (helmet restricted)
rElec   .          Harm     .   k - +1 cloak
rCorr   .          Rampage  .   (gloves unavailable)
Will    +....                   (boots unavailable)
Stlth   ..........              (no amulet)
HPRegen 0.21/turn               f - ring of protection from cold
MPRegen 0.19/turn               x - ring of wizardry

@: berserking, lethally poisoned (0 -> -23), wreathed by umbra, studying Ice
Magic, very quick
A: very small, no large weapons, unfitting armour, see invisible, speed 3,
deterioration 1, fire resistance 1, strong 1
a: Renounce Religion, Shadow Step


You were on level 8 of the Dungeon.
You worshipped Dithmenos.
Dithmenos was pleased with you.
You visited 2 branches of the dungeon, and saw 9 of its levels.
You also visited: Sewer.

You collected 1339 gold pieces.

Inventory:

Hand Weapons
 a - a +2 dagger of venom
 e - the +11 hand axe "Risyiveeps" {flame, rElec}
   (You found it on level 2 of the Dungeon)

   It burns those it strikes, dealing additional fire damage.
   Big, fiery blades are also staple armaments of hydra-hunters.
   rElec:     It insulates you from electricity.
 s - a +3 dagger of electrocution (weapon)
 v - a +4 dagger
Missiles
 r - 13 poisoned darts (quivered)
 z - a throwing net
Armour
 b - a +1 robe (worn)
 k - a +1 cloak (worn)
Jewellery
 f - a ring of protection from cold (left hand)
 n - a ring of ice
 x - a ring of wizardry (right hand)
 A - a ring of flight
Wands
 h - a wand of flame (11)
 u - a wand of iceblast (11)
 C - a wand of mindburst (15)
Scrolls
 j - 2 scrolls of brand weapon
 o - 2 scrolls of blinking
 t - a scroll of enchant armour
 y - a scroll of fear
Potions
 c - 4 potions of invisibility
 g - a potion of curing
 l - 4 potions of magic
 m - a potion of mutation
 p - a potion of resistance
 q - 2 potions of haste
 w - a potion of lignification {unknown}
 B - a potion of flight


   Skills:
 + Level 2.5 Fighting
 + Level 3.7 Short Blades
 + Level 5.2 Dodging
 + Level 12.0 Stealth
 + Level 9.9 Spellcasting
 + Level 10.3 Hexes


You had 15 spell levels left.
You knew the following spells:

 Your Spells              Type           Power      Damage    Failure   Level
a - Ensorcelled Hibernat  Hex/Ice        52%        N/A       1%          2
b - Tukima's Dance        Hex            43%        N/A       1%          3
c - Dazzling Flash        Conj/Hex       52%        N/A       1%          3
d - Confusing Touch       Hex            43%        N/A       1%          3
e - Blink                 Tloc           16%        N/A       5%          2

Your spell library contained the following spells:

 Spells                   Type           Power      Damage    Failure   Level
 Beastly Appendage        Tmut           16%        N/A       3%          1
 Corpse Rot               Necr/Air       16%        N/A       5%          2
 Wereblood                Tmut           8%         N/A       5%          2
 Spider Form              Tmut/Pois      8%         N/A       11%         3
 Dispel Undead            Necr           8%         3d8       32%         4
 Manifold Assault         Tloc           8%         N/A       65%         5
 Death Channel            Necr           4%         N/A       99%         6
 Storm Form               Tmut/Air       4%         N/A       100%        7


Dungeon Overview and Level Annotations

Branches:
Dungeon (8/15)             Temple (1/1) D:4            Lair (0/6) D:8
  Sewer (visited)

Altars:
Ashenzari
Cheibriados
Dithmenos
Elyvilon
Fedhas
Hepliaklqana
Kikubaaqudgha
Makhleb
Nemelex Xobeh
Okawaru
Sif Muna
Trog
Vehumet
Wu Jian
Xom
Yredelemnul
The Shining One

Shops:
D:8 [

Annotations:
D:8 Amaemon


Innate Abilities, Weirdness & Mutations

You are very small and have problems with some larger weapons.
You are too small for most types of armour.
You have supernaturally acute eyesight. (SInv)
You cover ground extremely quickly. (Speed+++)
Your body sometimes deteriorates upon taking damage.
Your flesh is heat resistant. (rF+)
Your muscles are strong. (Str +2)


Message History

The orc completely misses you.
You completely miss the orange demon.
Amaemon is no longer blind.
The orange demon closely misses you. x2; Amaemon hits you.
Amaemon misses you. Amaemon closely misses you. The orc closely misses you.
Unknown command.
You hit the orange demon.
The orange demon is lightly wounded.
You barely miss the orange demon.
The orange demon is lightly wounded.
The orange demon closely misses you. The orange demon misses you.
The orc misses you.
Amaemon mumbles some strange words.
The orc hits you from afar with a +0 trident.
* * * LOW HITPOINT WARNING * * *
You hit the orange demon.
The orange demon is lightly wounded.
Unknown command.
You puncture the orange demon!
Lightning courses through the orange demon!
The orange demon is severely wounded.
Amaemon closely misses you. Amaemon claws you.
* * * LOW HITPOINT WARNING * * *
Amaemon completely misses you.
The orc throws a poisoned dart.
The poisoned dart barely misses you.
The poisoned dart hits the orange demon.
The orange demon is poisoned.
The orc closely misses you. The orange demon stings you!
* * * LOW HITPOINT WARNING * * *
You are lethally poisoned!
The orange demon poisons you! The orange demon closely misses you.
You puncture the orange demon!
The orange demon is almost dead.
* * * LOW HITPOINT WARNING * * *
You feel very sick. Amaemon closely misses you. Amaemon claws you.
* * * LOW HITPOINT WARNING * * *
Amaemon completely misses you. The orc misses you.
The orc throws a boomerang of dispersal.
The boomerang of dispersal hits you.
You die...

##.## ..# ##.# ##.# ..
#รท## ###..# ###..
##..###....# #.....
#..........# ....#
##..........## #.>.#
#............####s...#
#.[[..######.....6...#
#[.#### ##..o@4o..#
#..# #...)##...#
#..#########....o# .#
#..................
.........###....####
.....###.# ######
.....###.# .......#.#
#######..#


You could see Amaemon, an orange demon (poisoned), a scorpion (summoned) and 3
orcs.

Vanquished Creatures
  Pikel (D:7)
  2 shadows (D:7)
  A yak (D:8)
  A water moccasin (D:7)
  3 ice beasts
  A sky beast (D:7)
  2 orc warriors
  A black bear (D:5)
  An ogre (D:5)
  A centaur (D:4)
  A lemure (D:7)
  2 kobold brigands
  2 phantoms
  2 bullfrogs
  2 necrophages
  5 scorpions
  4 wights
  A howler monkey (D:2)
  4 jellies
  3 hounds
  4 orc priests
  6 iguanas
  9 orc wizards
  3 gnolls (D:8)
  11 adders
  3 river rats
  2 ufetubi (D:6)
  4 worms
  5 dart slugs
  26 orcs
  15 endoplasms
  8 giant cockroaches
  8 goblins
  16 hobgoblins
  7 jackals
  3 quokkas
  12 ball pythons
  2 bats (D:2)
  5 frilled lizards
  13 kobolds
  8 rats
210 creatures vanquished.

Vanquished Creatures (collateral kills)
  An ogre (D:6)
  A gnoll sergeant (D:8)
  A wight (D:6)
  2 orc wizards
  A gnoll (D:8)
  3 orcs
9 creatures vanquished.

Vanquished Creatures (others)
  8 dancing weapons
8 creatures vanquished.

Grand Total: 227 creatures vanquished

Notes
Turn   | Place    | Note
-------+----------+-------------------------------------------
     0 | D:1      | vsjfljblw the Spriggan Enchanter began the quest for the
                  | Orb.
     0 | D:1      | Reached XP level 1. HP: 9/9 MP: 5/5
   231 | D:1      | Reached XP level 2. HP: 13/13 MP: 7/7
   234 | D:1      | Learned a level 2 spell: Ensorcelled Hibernation
   436 | D:1      | Found a faded altar of an unknown god.
  1254 | D:2      | Reached XP level 3. HP: 16/16 MP: 9/9
  1258 | D:2      | Learned a level 3 spell: Tukima's Dance
  1262 | D:2      | Learned a level 3 spell: Confusing Touch
  1285 | D:2      | Identified the +11 hand axe "Risyiveeps" {flame, rElec}
  1373 | D:2      | Identified a scroll of acquirement
  1373 | D:2      | Acquired 938 gold pieces
  1748 | D:2      | Reached skill level 5 in Hexes
  1748 | D:2      | Reached XP level 4. HP: 21/21 MP: 11/11
  2766 | D:3      | Reached XP level 5. HP: 24/24 MP: 13/13
  2780 | D:3      | Reached skill level 5 in Spellcasting
  2910 | D:3      | Gained mutation: Your muscles are strong. (Str +2) [potion
                  | of mutation]
  2910 | D:3      | Gained mutation: Your body sometimes deteriorates upon
                  | taking damage. [potion of mutation]
  2910 | D:3      | Gained mutation: Your flesh is heat resistant. (rF+)
                  | [potion of mutation]
  3241 | D:3      | Found a glowing drain.
  3245 | Sewer    | Entered a sewer
  3539 | Sewer    | Reached skill level 5 in Stealth
  3571 | Sewer    | Found a viscous altar of Jiyva.
  3682 | Sewer    | Reached XP level 6. HP: 23/28 MP: 9/15
  4268 | D:3      | Found a snail-covered altar of Cheibriados.
  4524 | D:4      | Reached skill level 6 in Stealth
  4704 | D:4      | Reached XP level 7. HP: 30/32 MP: 17/17
  4883 | D:4      | Found a staircase to the Ecumenical Temple.
  4914 | Temple   | Entered the Ecumenical Temple
  4957 | Temple   | Became a worshipper of Dithmenos the Shadowed
  5097 | D:4      | Reached skill level 7 in Stealth
  5135 | D:4      | Found a shimmering altar of Xom.
  5790 | D:5      | Entered Level 5 of the Dungeon
  6053 | D:5      | Reached skill level 8 in Stealth
  6207 | D:5      | Reached XP level 8. HP: 36/36 MP: 19/19
  6222 | D:5      | Reached * piety under Dithmenos
  6518 | D:5      | Reached skill level 9 in Stealth
  7378 | D:6      | Reached skill level 10 in Stealth
  8358 | D:6      | Reached XP level 9. HP: 39/39 MP: 22/22
  8455 | D:6      | Found a burning altar of Makhleb.
  8548 | D:6      | Reached ** piety under Dithmenos
  8814 | D:6      | Found a basalt altar of Yredelemnul.
  8876 | D:6      | Found a white marble altar of Elyvilon.
  8916 | D:6      | Reached skill level 11 in Stealth
  9205 | D:7      | Reached skill level 1 in Fighting
  9249 | D:7      | Noticed Pikel
  9279 | D:7      | Killed Pikel
  9659 | D:7      | Reached skill level 10 in Hexes
 10551 | D:8      | Reached skill level 5 in Dodging
 10563 | D:8      | Reached XP level 10. HP: 30/47 MP: 12/24
 10681 | D:8      | Found Etaolif's Armour Boutique.
 10722 | D:8      | Noticed a death yak
 10735 | D:8      | Noticed a death yak
 10759 | D:7      | Learned a level 3 spell: Dazzling Flash
 11034 | D:8      | Found an ornate altar of the Wu Jian Council.
 11052 | D:8      | Learned a level 2 spell: Blink
 11222 | D:8      | Found a staircase to the Lair.
 11241 | D:8      | Noticed a death yak
 11252 | D:8      | Reached skill level 12 in Stealth
 11646 | D:8      | Noticed Amaemon
 11647 | D:8      | Noticed an orange demon
 11670 | D:8      | Hit by a boomerang of dispersal thrown by an orc

Illustrated notes

Levels and vault maps discovered:
D:1:      heliophobic_arrival_battle_scene, layout_loops_ring,
          shapermc_ecumenical_altar_venn
D:2:      minmay_recursive_quarters, layout_basic, serial_glass,
          glass_columns_c, glass_columns_a, glass_columns_a, glass_columns_a,
          glass_columns_c, glass_columns_b
D:3:      layout_loops_cross, mainiacjoe_overflow_alcove_2,
          gup_sewer_entry_spiral, nicolae_elevator_lobby_asterisk
D:4:      dreamdust_elfheim, layout_rooms, mainiacjoe_overflow_brackets,
          minmay_temple_entry_arrows, ldierk_geyser, kennysheep_minor_cross
D:5:      layout_basic, minmay_manual_monolith
D:6:      layout_cave_pools, lemuel_coloured_pillars_altar, kennysheep_ying_yang
D:7:      layout_basic, uniq_pikel
D:8:      layout_layer_cave, mainiacjoe_overflow_six_doors_small,
          dpeg_lair_monsters, serial_shops, nicolae_take_the_stairs,
          uniq_amaemon
Temple:   minmay_temple_bridge_abc

Skill      XL: |  1  2  3  4  5  6  7  8  9 10 |
---------------+-------------------------------+-----
Spellcasting   | 3 4 5 6 7 8 9 |  9.9
Hexes          | 4 5 6 7 9 10 | 10.3
Stealth        | 5 6 8 10 11 12 | 12.0
Dodging        | 5 |  5.2
Fighting       | 2 |  2.5
Short Blades   | 3 |  3.7

Action                   |  1- 3 |  4- 6 |  7- 9 | 10-12 || total
-------------------------+-------+-------+-------+-------++-------
Melee: Dagger            |    86 |   181 |   365 |    48 ||   680
       Punch             |     1 |     1 |     1 |     1 ||     4
       Hand axe          |    20 |       |       |       ||    20
 Cast: Ensorcelled Hiber |     4 |    15 |    27 |     2 ||    48
       Tukima's Dance    |       |       |    32 |     1 ||    33
       Confusing Touch   |       |       |     6 |     1 ||     7
       Dazzling Flash    |       |       |       |     7 ||     7
  Use: Scroll            |     5 |     8 |     7 |     3 ||    23
       Potion            |       |     2 |     1 |     4 ||     7
 Stab: Sleeping          |    11 |    30 |    34 |     3 ||    78
       Confused          |       |       |     6 |     1 ||     7
Armor: Robe              |     6 |    22 |    41 |    10 ||    79
Dodge: Dodged            |    78 |   102 |   280 |    85 ||   545

Table legend: (Time is in decaauts)
 A = Elapsed time spent in this place.
 B = Non-inter-level travel time spent in this place.
 C = Inter-level travel time spent in this place.
 D = Time resting spent in this place.
 E = Time spent auto-exploring this place.
 F = Levels seen in this place.
 G = Mean time per level.
                   A        B        C        D        E       F      G
               +--------+--------+--------+--------+--------+-----+--------+
         Total |   9422 |   9266 |    156 |   1559 |   6041 |  10 |  942.2 |
       Dungeon |   8798 |   8663 |    135 |   1459 |   5675 |   8 | 1099.8 |
        Temple |     47 |     27 |     20 |      0 |     16 |   1 |   47.0 |
         Sewer |    576 |    576 |      0 |    100 |    350 |   1 |  576.0 |
               +--------+--------+--------+--------+--------+-----+--------+

Top non-repeatable levels by time:
     D:5: 1867 daAuts
     D:7: 1583 daAuts
     D:2: 1119 daAuts
     D:1: 1011 daAuts
     D:6: 923 daAuts
     D:3: 915 daAuts
     D:4: 896 daAuts
   Sewer: 576 daAuts
     D:8: 480 daAuts
  Temple: 47 daAuts
